 Dungeon Crawl Stone Soup version 0.30-a0-142-g7370640ec8 (webtiles) character file.

Game seed: 10322826682415785417

1048 qw the Chopper (level 8, -5/50 HPs)
             Began as a Gargoyle Fighter on Sept 25, 2022.
             Killed by divine providence
             ... invoked by an orc priest
              (9 damage)
             ... on level 5 of the Dungeon.
             The game lasted 00:01:47 (5203 turns).

qw the Chopper (Gargoyle Fighter)                   Turns: 5203, Time: 00:01:48

Health: -5/50      AC: 19    Str: 22    XL:     8   Next: 25%
Magic:  8/8        EV:  6    Int:  9    God:
Gold:   385        SH:  4    Dex:  9    Spells: 7/7 levels left

rFire   . . .      SeeInvis .    Y - +2 war axe
rCold   . . .      Faith    .    c - +0 buckler
rNeg    + + .      Spirit   .    h - +0 plate armour
rPois   inf        Reflect  .    i - +0 helmet
rElec   +          Harm     .    b - +0 cloak
rCorr   .          Rampage  .    (no gloves)
Will    .....                    (no boots)
Stlth   ..........               (no amulet)
HPRegen 0.16/turn                e - ring of positive energy
MPRegen 0.11/turn                (no ring)

@: no status effects
A: sickness immunity, AC +5, negative energy resistance 1, electricity
resistance, torment resistance 1, petrification resistance
a: no special abilities


You were on level 5 of the Dungeon.
You visited 1 branch of the dungeon, and saw 5 of its levels.

You collected 385 gold pieces.


Innate Abilities, Weirdness & Mutations

You are immune to sickness and miasma.
Your stone body is resilient. (AC +5)
You are immune to poison.
You resist negative energy. (rN+)
You are resistant to electric shocks. (rElec)
You are resistant to unholy torment.
You are immune to petrification.


   Skills:
 - Level 5.4 Fighting
 + Level 7.5 Axes
 - Level 4.1 Armour
 - Level 1.1 Dodging
 - Level 3.2 Shields


You had 7 spell levels left.
You didn't know any spells.
Your spell library was empty.

Inventory:

Hand Weapons
 k - a +0 flail
 Y - a +2 war axe (weapon)
Armour
 b - a +0 cloak (worn)
 c - a +0 buckler (worn)
 h - a +0 plate armour (worn)
 i - a +0 helmet (worn)
Jewellery
 e - a ring of positive energy (left hand)
 n - the ring "Oclem" {Fly rC- rCorr Str-4 Stlth+}
   (You found it on level 3 of the Dungeon)

   [ring of flight]

   Str:       It affects your strength (-4).
   rC:        It makes you vulnerable to cold.
   Fly:       It grants you flight.
   rCorr:     It protects you from acid and corrosion.
   Stlth:     It makes you more stealthy.
Scrolls
 f - 3 scrolls of identify
 g - a scroll of amnesia {unknown}
Potions
 a - 6 potions of curing
 d - 2 potions of might

Dungeon Overview and Level Annotations

Branches:
Dungeon (5/15)
 Temple: D:4-7

Altars:
Hepliaklqana
Makhleb
Sif Muna
Trog
Xom
The Shining One

Shops:
D:1 !

Annotations:
D:3 2 runed translucent doors, qw's ghost, amateur GrFi


Message History

You slash the orc warrior!
The orc warrior is heavily wounded.
You block the orc warrior's attack.
You hit the orc warrior.
The orc warrior is heavily wounded.
The orc warrior completely misses you.
The orc warrior hits you but does no damage.
You hit the orc warrior.
The orc warrior is severely wounded.
You block the orc warrior's attack.
You hit the orc warrior.
The orc warrior is severely wounded.
The orc warrior barely misses you.
You closely miss the orc warrior.
The orc warrior is severely wounded.
The orc warrior hits you but does no damage.
You hit the orc warrior but do no damage.
The orc warrior is severely wounded.
You block the orc warrior's attack.
The orc priest casts a cantrip, but nothing happens.
The orc warrior hits you with a +0 dire flail!
You barely miss the orc warrior.
The orc warrior is severely wounded.
The orc priest begins to cast a cantrip, but forgets the words!
The orc warrior hits you with a +0 dire flail.
You closely miss the orc warrior.
The orc warrior is severely wounded.
You block the orc warrior's attack.
You hit the orc warrior but do no damage.
The orc warrior is severely wounded.
The orc priest calls upon Beogh to heal the orc warrior.
The orc warrior is healed somewhat.
The orc warrior barely misses you.
You closely miss the orc warrior.
The orc warrior is heavily wounded.
The orc warrior barely misses you.
You barely miss the orc warrior.
The orc warrior is heavily wounded.
The orc priest mumbles some strange prayers to Beogh against you.
Beogh smites you!
You die...

#................
#................
######....###...##.##
##...##....###...##.##
#....#......#.......#.
#..(.#......#.......#.
#...oo......#...\...+.
#..##o##....#.......##
##.#8@8#...##.......##
#.#...###+##.......##
..#...# ...........
####...####...........
#8.......8#...........
#...._.._.#........###
#8.......8####.....###
#.........# #.......%.
#.........# #...>...#.


You could see an orc warrior and 2 orc priests.

Vanquished Creatures
  A water moccasin (D:4)
  A black bear (D:5)
  An ice beast (D:5)
  An ogre (D:4)
  A necrophage (D:5)
  3 scorpions (D:5)
  3 hounds
  A jelly (D:4)
  3 iguanas
  3 gnolls (D:3)
  9 adders
  3 white imps (D:5)
  5 worms
  4 dart slugs
  4 orcs
  4 ball pythons
  5 bats
  10 endoplasms
  6 giant cockroaches
  5 goblins
  8 hobgoblins
  3 kobolds
  5 quokkas
  2 frilled lizards
  2 quokka zombies (D:4)
  7 rats
100 creatures vanquished.

Vanquished Creatures (others)
  4 plants (D:3)
4 creatures vanquished.

Grand Total: 104 creatures vanquished

Notes
Turn   | Place    | Note
-------+----------+-------------------------------------------
     0 | D:1      | qw the Gargoyle Fighter began the quest for the Orb.
     0 | D:1      | Reached XP level 1. HP: 14/14 MP: 1/1
     0 | D:1      | 0 ||| qw: Version: 0.2-a-10-g399e6c4
     0 | D:1      | 0 ||| qw: Game counter: 420
     0 | D:1      | 0 ||| qw: Always use a shield: true
     0 | D:1      | 0 ||| qw: God list: Okawaru
     0 | D:1      | 0 ||| qw: Allow faded altars: false
     0 | D:1      | 0 ||| qw: Do Orc after D:15 true
     0 | D:1      | 0 ||| qw: Do second Lair branch before Depths: true
     0 | D:1      | 0 ||| qw: Lair rune preference: random
     0 | D:1      | 0 ||| qw: Plans: Normal, Zot:1-4, God:TSO, Crypt, Tomb,
                  | Pan, Slime:5, Hells, Abyss, Orb
     0 | D:1      | 0 ||| PLANNING D:1-11
     3 | D:1      | Found Mic Hujiwk's Distillery.
    27 | D:1      | 27 ||| SHOPLISTING potion of attraction (30 gold, have 22).
    27 | D:1      | 27 ||| SHOPLISTING potion of curing (30 gold, have 22).
    27 | D:1      | 27 ||| SHOPLISTING potion of haste (100 gold, have 22).
    27 | D:1      | 27 ||| SHOPLISTING potion of heal wounds (50 gold, have
                  | 22).
    32 | D:1      | Reached skill level 2 in Axes
   201 | D:1      | Found a faded altar of an unknown god.
   286 | D:1      | Reached XP level 2. HP: 10/19 MP: 2/2
   789 | D:1      | 789 ||| UPGRADING to +0 helmet.
   794 | D:1      | 794 ||| READING scroll labelled FUNLEW PIEGED.
   795 | D:1      | 795 ||| READING 2 scrolls labelled TUOLIS GUEDGH.
   796 | D:1      | 796 ||| READING scroll labelled DALEIPOBYO.
   817 | D:2      | 817 ||| STAIRDANCE
   958 | D:2      | Reached skill level 3 in Axes
   962 | D:2      | Reached XP level 3. HP: 19/23 MP: 3/3
  1440 | D:2      | Reached XP level 4. HP: 28/28 MP: 4/4
  1802 | D:2      | 1802 ||| UPGRADING to ring of positive energy.
  1803 | D:2      | 1803 ||| DROPPING ring of magical power.
  1804 | D:2      | 1804 ||| READING scroll labelled ZEMEXU YJAPPOE.
  1805 | D:2      | 1805 ||| DRINKING 2 fuming dark potions.
  1834 | D:3      | 1834 ||| STAIRDANCE
  1840 | D:3      | 1840 ||| STAIRDANCE
  1899 | D:3      | Reached skill level 4 in Axes
  2054 | D:3      | 2054 ||| Stepping ~*~*~tactically~*~*~ (hiding).
  2062 | D:3      | 2062 ||| FLEEEEING.
  2064 | D:3      | 2064 ||| FLEEEEING.
  2065 | D:3      | 2065 ||| FLEEEEING.
  2066 | D:3      | 2066 ||| FLEEEEING.
  2067 | D:3      | 2067 ||| FLEEEEING.
  2068 | D:3      | 2068 ||| FLEEEEING.
  2069 | D:3      | 2069 ||| FLEEEEING.
  2071 | D:3      | 2071 ||| FLEEEEING.
  2072 | D:3      | 2072 ||| FLEEEEING.
  2073 | D:3      | 2073 ||| FLEEEEING.
  2074 | D:3      | 2074 ||| FLEEEEING.
  2075 | D:3      | 2075 ||| FLEEEEING.
  2076 | D:3      | 2076 ||| FLEEEEING.
  2077 | D:3      | 2077 ||| FLEEEEING.
  2078 | D:3      | 2078 ||| FLEEEEING.
  2079 | D:3      | 2079 ||| FLEEEEING.
  2085 | D:3      | 2085 ||| FLEEEEING.
  2086 | D:3      | 2086 ||| FLEEEEING.
  2087 | D:3      | 2087 ||| FLEEEEING.
  2088 | D:3      | 2088 ||| FLEEEEING.
  2089 | D:3      | 2089 ||| FLEEEEING.
  2090 | D:3      | 2090 ||| FLEEEEING.
  2092 | D:3      | 2092 ||| FLEEEEING.
  2093 | D:3      | 2093 ||| FLEEEEING.
  2094 | D:3      | 2094 ||| Stepping ~*~*~tactically~*~*~ (hiding).
  2354 | D:3      | 2354 ||| Stepping ~*~*~tactically~*~*~ (stealth).
  2359 | D:3      | Reached XP level 5. HP: 32/32 MP: 5/5
  2521 | D:3      | Found a glowing golden altar of the Shining One.
  2572 | D:3      | Found a runed translucent door.
  2579 | D:3      | Noticed qw's ghost (amateur GrFi)
  2692 | D:3      | Identified the ring "Oclem" {Fly rC- rCorr Str-4 Stlth+}
  2837 | D:3      | Found a runed translucent door.
  2937 | D:3      | Reached skill level 5 in Axes
  3138 | D:3      | 3138 ||| UPGRADING to +0 plate armour.
  3148 | D:3      | 3148 ||| DROPPING +0 scale mail.
  3149 | D:3      | 3149 ||| READING scroll labelled OSAJASYLOGH.
  3150 | D:3      | 3150 ||| READING 2 scrolls labelled NITU YG LABBOI.
  3151 | D:3      | 3151 ||| READING scroll labelled LUXTOS OCYW.
  3152 | D:3      | 3152 ||| READING 2 scrolls of identify.
  3152 | D:3      | 3152 ||| IDENTIFYING golden potion
  3153 | D:3      | 3153 ||| DROPPING potion of brilliance.
  3154 | D:3      | 3154 ||| DROPPING scroll of magic mapping.
  3167 | D:4      | 3167 ||| PLANNING OSSUARY
  3228 | D:4      | Noticed a water moccasin
  3249 | D:4      | Killed a water moccasin
  3250 | D:4      | Reached XP level 6. HP: 25/40 MP: 6/6
  3372 | D:4      | 3372 ||| READING scroll of enchant weapon.
  3372 | D:4      | 3372 ||| ENCHANTING +1 war axe.
  3728 | D:4      | Reached XP level 7. HP: 44/44 MP: 7/7
  3752 | D:4      | Reached skill level 6 in Axes
  3796 | D:4      | 3796 ||| Stepping randomly (stuck).
  3797 | D:4      | 3797 ||| Stepping randomly (stuck).
  3999 | D:4      | 3999 ||| RIP OSSUARY
  3999 | D:4      | 3999 ||| RIP SEWER
  3999 | D:4      | 3999 ||| PLANNING D:1-11
  4089 | D:4      | 4089 ||| Stepping ~*~*~tactically~*~*~ (stealth).
  4327 | D:4      | 4327 ||| UPGRADING to +0 cloak.
  4332 | D:4      | 4332 ||| READING scroll labelled KOIV XUGUE.
  4369 | D:5      | Entered Level 5 of the Dungeon
  4406 | D:5      | 4406 ||| Stepping ~*~*~tactically~*~*~ (hiding).
  4685 | D:5      | 4685 ||| Stepping ~*~*~tactically~*~*~ (stealth).
  4783 | D:5      | Reached skill level 7 in Axes
  4783 | D:5      | HP: 11/44 [ice beast (14)]
  4786 | D:5      | HP: 3/44 [ice beast (7)]
  4788 | D:5      | Reached XP level 8. HP: 4/50 MP: 8/8
  5101 | D:5      | Reached skill level 1 in Dodging
  5169 | D:5      | Found a shimmering altar of Xom.
  5171 | D:5      | Found a shimmering blue altar of Sif Muna.
  5171 | D:5      | Found a shimmering blue altar of Sif Muna.
  5173 | D:5      | Found a bloodstained altar of Trog.
  5173 | D:5      | Found a burning altar of Makhleb.
  5173 | D:5      | Found a hazy altar of Hepliaklqana.
  5176 | D:5      | 5176 ||| Stepping ~*~*~tactically~*~*~ (stealth).
  5178 | D:5      | 5178 ||| Stepping ~*~*~tactically~*~*~ (stealth).
  5183 | D:5      | 5183 ||| Stepping ~*~*~tactically~*~*~ (stealth).
  5192 | D:5      | HP: 12/50 [orc warrior/+0 dire flail (2)]
  5198 | D:5      | HP: 4/50 [orc warrior/+0 dire flail (9)]
  5203 | D:5      | Killed from afar by an orc priest

Levels and vault maps discovered:
D:1:      wander_arrival_peaceful_grave, layout_loops_ring,
          dreamdust_ecumenical_altar_grove, serial_shops, shop
D:2:      layout_loops_ring, serial_rivers, chequers_serial_rivers_small_b,
          chequers_serial_rivers_large_b, chequers_serial_rivers_micro_c,
          chequers_serial_rivers_marsh, chequers_serial_rivers_micro_b,
          chequers_serial_rivers_micro_d
D:3:      layout_rooms, mainiacjoe_overflow_surrounded_room, serial_forest,
          infiniplex_forest_end_3, infiniplex_forest_clump_large,
          infiniplex_forest_end_3, infiniplex_forest_end_2,
          infiniplex_forest_end_1, infiniplex_forest_straight_3,
          infiniplex_forest_clump_medium, ebering_ghost_sewer_f,
          minmay_randomly_rotated_circles
D:4:      layout_gridville, enter_ossuary_4, gup_sewer_entry_bubbles,
          nicolae_concentric_dashed_squares_wild
D:5:      layout_gridville, doesnt_xom_only_xom,
          minmay_temple_entry_stoned_glass, serial_demonic, serial_demonic_g,
          serial_demonic_d, serial_demonic_e, serial_demonic_d,
          uniq_crazy_yiuf_cottage

Skill      XL: |  1  2  3  4  5  6  7  8 |
---------------+-------------------------+-----
Axes           | 2 3 4 5 7 |  7.5
Fighting       | 4 5 |  5.4
Armour         | 4 |  4.1
Dodging        | 1 |  1.1
Shields        | |  3.2

Action                   |  1- 3 |  4- 6 |  7- 9 || total
-------------------------+-------+-------+-------++-------
Melee: War axe           |    96 |   122 |   131 ||   349
  Use: Scroll            |     3 |     6 |     1 ||    10
       Potion            |       |     1 |       ||     1
Armor: Scale mail        |    48 |    66 |       ||   114
       Plate armour      |       |    30 |    86 ||   116
Dodge: Dodged            |    33 |    48 |    28 ||   109
Block: Buckler           |    17 |    18 |    23 ||    58

Table legend:
 A = Non-vault XP
 B = Vault XP
 C = Vault XP percentage of total XP
 D = Non-vault monster count
 E = Vault monster count
 F = Vault count percentage of total count
                 A         B        C        D         E       F
            +---------+---------+-------+---------+---------+-------
      Total |    1414 |      84 |   5.6 |      83 |      17 |  17.0
            +---------+---------+-------+---------+---------+-------
        D:1 |      19 |       0 |   0.0 |      11 |       0 |   0.0
        D:2 |      72 |       0 |   0.0 |      23 |       0 |   0.0
        D:3 |     100 |      39 |  28.1 |      19 |       6 |  24.0
        D:4 |     459 |      15 |   3.2 |      16 |       8 |  33.3
        D:5 |     764 |      30 |   3.8 |      14 |       3 |  17.6
            +---------+---------+-------+---------+---------+-------
